 Dungeon Crawl Stone Soup version bcrawl-1.38.1 (webtiles) character file.

Game seed: 8017738575818327268

136275 Alturiack the Shooter (level 4, -2/26 HPs)
             Began as a Gargoyle Hunter on Apr 9, 2023.
             Slain by a worker ant (5 damage)
             ... on level 3 of the Dungeon.
             The game lasted 00:08:20 (1686 turns).

Alturiack the Shooter (Gargoyle Hunter)             Turns: 1686, Time: 00:08:21

Health: -2/26      AC:  6    Str: 15    XL:     4   Next: 44%
Magic:  4/4        EV: 11    Int: 12    God:
Gold:   88         SH:  0    Dex: 11    Spells: 3/3 levels left

rFire    . . .     GDR:     33% b - +0 short sword
rCold    . . .     SeeInvis .   (no shield)
rNeg     + . .     Gourm    .   c - +0 leather armour
rPois    ∞         Faith    .   (no helmet)
rElec    +         Spirit   .   (no cloak)
rCorr    .         Reflect  .   (no gloves)
MR       .....                  (no boots)
Stlth    +.........             l - amulet of the acrobat
HPRegen  0.14/turn              (no ring)
MPRegen  0.09/turn              (no ring)

@: no status effects
A: negative energy resistance 1, electricity resistance, partial torment
resistance, unbreathing, petrification resistance, rot immunity, AC +3
a: no special abilities


You were on level 3 of the Dungeon.
You were very hungry.

You visited 1 branch of the dungeon, and saw 3 of its levels.

You collected 88 gold pieces.

Inventory:

Hand Weapons
 a - a +2 shortbow
 b - a +0 short sword (weapon)
Missiles
 d - 520 arrows
Armour
 c - a +0 leather armour (worn)
 r - a +0 cloak
Jewellery
 l - an amulet of the acrobat (around neck)
Scrolls
 f - a scroll of amnesia {unknown}
 g - 2 scrolls of magic mapping {unknown}
 h - 2 scrolls of blinking {unknown}
 i - 2 scrolls of identify
 j - a scroll of immolation {unknown}
 k - 5 scrolls of remove curse {unknown}
 m - 3 scrolls of teleportation {unknown}
 o - a scroll of enchant armour {unknown}
Potions
 n - a potion of resistance {unknown}
 p - a potion of mutation {unknown}
 q - 2 potions of haste {unknown}
Comestibles
 e - 5 rations {!d}


   Skills:
 - Level 2.1 Fighting
 * Level 5.8 Bows
 - Level 1.5 Dodging
 - Level 1.2 Stealth


You had 3 spell levels left.
You didn't know any spells.
Your spell library was empty.

Dungeon Overview and Level Annotations

Branches:
Dungeon (3/12)

Altars:
Ashenzari
Cheibriados
Elyvilon
Kikubaaqudgha


Innate Abilities, Weirdness & Mutations

You are resistant to torment.
Your stone body is resilient. (AC +3)
You are immune to poison.
You resist negative energy. (rN+)
You are resistant to electric shocks. (rElec)
You are less affected by unholy pain and torment.
You can survive without breathing.
You are immune to petrification.
You are immune to rotting.


Message History

The worker ant bites you but does no damage.
You hit the worker ant but do no damage.
The worker ant is severely wounded.
The worker ant bites you.
* * * LOW HITPOINT WARNING * * *
You hit the worker ant.
The worker ant is severely wounded.
The worker ant bites you but does no damage.
You hit the worker ant.
The worker ant is almost dead.
The worker ant bites you.
* * * LOW HITPOINT WARNING * * *
The worker ant barely misses you.
You hit the worker ant.
The worker ant is almost dead.
The worker ant closely misses you.
You barely miss the worker ant.
The worker ant is almost dead.
The worker ant bites you.
You die...

#.##......#.#
#.#
#.##.#....# #
#.#
#.##.#.<#^#
#.#
#.##.##.#.#
#.# . ..#.#
########.# #
####.#
#........# .
..#
#.######## #
... #.# #@#
#a# #.# #.#
#.# #.# #.#
#.# #.#


You could see a worker ant.

Vanquished Creatures
  Crazy Yiuf (D:2)
  3 worms
  A dart slug (D:2)
  A leopard gecko (D:1)
  2 orcs (D:2)
  A ball python (D:1)
  6 bats
  A giant cockroach (D:1)
  5 goblins
  4 hobgoblins
  2 jackals (D:1)
  3 quokkas (D:2)
  2 frilled lizards
  4 kobolds
  A rat (D:1)
37 creatures vanquished.

Notes
Turn   | Place    | Note
-------+----------+-------------------------------------------
     0 | D:1      | Alturiack the Gargoyle Hunter began the quest for the Orb.
     0 | D:1      | Reached XP level 1. HP: 12/12 MP: 1/1
   342 | D:1      | Reached XP level 2. HP: 17/17 MP: 2/2
   852 | D:2      | Reached XP level 3. HP: 20/21 MP: 3/3
   934 | D:2      | Found a runed door.
   951 | D:2      | Reached skill level 5 in Bows
  1276 | D:2      | Found a faded altar of an unknown god.
  1372 | D:2      | Noticed Crazy Yiuf
  1375 | D:2      | Killed Crazy Yiuf
  1376 | D:2      | Reached XP level 4. HP: 26/26 MP: 4/4
  1510 | D:3      | Found a white marble altar of Elyvilon.
  1514 | D:3      | Found a shattered altar of Ashenzari.
  1514 | D:3      | Found a snail-covered altar of Cheibriados.
  1514 | D:3      | Found an ancient bone altar of Kikubaaqudgha.
  1686 | D:3      | Slain by a worker ant

Skill      XL: |  1  2  3 |
---------------+----------+-----
Bows           | 5 |  5.8
Fighting       | |  2.1
Dodging        | |  1.5
Stealth        | |  1.2

Action                   |  1- 3 |  4- 6 || total
-------------------------+-------+-------++-------
Melee: Short sword       |     6 |     5 ||    11
       Shortbow          |       |     4 ||     4
 Fire: Shortbow          |    76 |    10 ||    86
  Use: Scroll            |     1 |       ||     1
  Eat: Chunk             |     3 |       ||     3
Armor: Leather armour    |    12 |     5 ||    17
Dodge: Dodged            |    23 |    10 ||    33
